 Dungeon Crawl Stone Soup version 0.25-a0-565-g8875c97ebb (webtiles) character file.

Game seed: 4497179255568511126, levelgen mode: deterministic

81 Flugslaktarn the Covered (level 4, -2/42 HPs)
             Began as a Deep Dwarf Fighter on Feb 26, 2020.
             Killed by divine providence
             ... invoked by an orc priest
              (9 damage)
             ... on level 4 of the Dungeon.
             The game lasted 00:00:25 (403 turns).

Flugslaktarn the Covered (Deep Dwarf Fighter)        Turns: 403, Time: 00:00:25

Health: -2/42      AC:  7    Str: 20    XL:     4   Next: 19%
Magic:  4/4        EV:  7    Int:  9    God:
Gold:   41         SH:  9    Dex: 12    Spells: 3/3 levels left

rFire    . . .     SeeInvis .   a - +0 war axe
rCold    . . .     Gourm    .   c - +0 kite shield
rNeg     . . .     Faith    .   b - +0 scale mail
rPois    .         Spirit   .   (no helmet)
rElec    .         Reflect  .   (no cloak)
rCorr    .         Harm     .   (no gloves)
MR       .....                  (no boots)
Stlth    ..........             (no amulet)
HPRegen  0.00/turn              (no ring)
MPRegen  0.09/turn              (no ring)

@: non-regenerating
A: damage resistance, heal wounds, sense surroundings 1, no regeneration
a: Heal Wounds


You were on level 4 of the Dungeon.
You were not hungry.

You visited 1 branch of the dungeon, and saw 4 of its levels.

You collected 41 gold pieces.

Inventory:

Hand Weapons
 a - a +0 war axe (weapon)
Armour
 b - a +0 scale mail (worn)
 c - a +0 kite shield (worn)
Jewellery
 i - a +3 ring of evasion {unknown}
   (You found it on level 1 of the Dungeon)
Scrolls
 f - a scroll of noise {unknown}
 g - 2 scrolls of identify {unknown}
 h - a scroll of fear {unknown}
 m - a scroll of teleportation {unknown}
Potions
 d - a potion of might
 k - 2 potions of flight {unknown}
 l - a potion of heal wounds {unknown}
 n - a potion of resistance {unknown}
Comestibles
 e - a ration
 j - 7 chunks of flesh


   Skills:
 * Level 3.4 Fighting
 * Level 3.4 Axes
 + Level 3.7 Armour
 + Level 3.7 Shields


You had 3 spell levels left.
You didn't know any spells.
Your spell library was empty.

Dungeon Overview and Level Annotations

Branches:
Dungeon (4/15)
 Temple: D:4-7

Altars:

Annotations:
D:3 3 runed translucent doors, zikan's ghost, amateur MfSk


Innate Abilities, Weirdness & Mutations

You are resistant to damage.
You can heal yourself by infusing magical energy.
You passively map a small area around you.
You do not regenerate.


Message History

You hit the orc priest.
The orc priest is moderately wounded.
You block the orc priest's attack.
The orc priest miscasts a cantrip.
You closely miss the orc. The orc barely misses you.
You block the orc's attack.
You slash the orc!
You kill the orc!
The orc priest calls down the wrath of Beogh upon you.
Beogh smites you! The orc priest barely misses you.
Things that are here:
a +0 leather armour; an orc corpse You fail to use your ability.
The orc priest invokes the aid of Beogh against you.
Beogh smites you!
* * * LOW HITPOINT WARNING * * *
The orc priest mumbles some strange prayers to Beogh against you.
Beogh smites you!
You die...

* #.# ,
,#.# ,
#.#
*,#o# ,
, #o# *
#o# #o#
#@#
#.#####
,,
#.....#
,
#####.#
#.# #.#
#.# #.#
* * *
#.#


You could see 2 orc priests and 2 orcs.

Vanquished Creatures
  An orc priest (D:4)
  An orc wizard (D:4)
  2 worms (D:3)
  3 orcs (D:4)
  2 goblins
  3 hobgoblins
  A jackal (D:2)
  2 kobolds
  A bat (D:3)
  3 frilled lizards
  2 rats
21 creatures vanquished.

Notes
Turn   | Place    | Note
-------+----------+-------------------------------------------
     0 | D:1      | Flugslaktarn the Deep Dwarf Fighter began the quest for the
                  | Orb.
     0 | D:1      | Reached XP level 1. HP: 20/20 MP: 1/1
   133 | D:2      | Reached XP level 2. HP: 21/27 MP: 2/2
   208 | D:3      | Found a runed translucent gate.
   210 | D:3      | Found a runed translucent gate.
   210 | D:3      | Found a runed translucent gate.
   212 | D:3      | Noticed a big kobold
   212 | D:3      | Noticed zikan's ghost (amateur MfSk)
   341 | D:4      | Reached XP level 3. HP: 30/34 MP: 3/3
   346 | D:4      | Reached XP level 4. HP: 42/42 MP: 4/4
   403 | D:4      | Killed from afar by an orc priest

Levels and vault maps discovered:
D:1:      lemuel_arrival_river_passageway, layout_basic
D:2:      layout_loops_ring, st_stairs_5, kennysheep_generic_room_10, uniq_robin
D:3:      layout_loops_ring, amethyst_overflow_temple_binary,
          gammafunk_ghost_nasty_kobolds, kennysheep_minor_cross, uniq_sigmund
D:4:      layout_basic, marbit_many_paths, lightli_temple_of_fire

Skill      XL: |  1  2 |
---------------+-------+-----
Fighting       | 3 |  3.4
Axes           | 3 |  3.4
Armour         | |  3.7
Shields        | |  3.7

Action                   |  1- 3 |  4- 6 || total
-------------------------+-------+-------++-------
Melee: War axe           |    72 |    14 ||    86
 Abil: Heal Wounds       |     2 |       ||     2
Armor: Scale mail        |    26 |     2 ||    28
Dodge: Dodged            |    13 |     8 ||    21
Block: Kite shield       |    39 |     3 ||    42

Table legend:
 A = Non-vault XP
 B = Vault XP
 C = Vault XP percentage of total XP
 D = Non-vault monster count
 E = Vault monster count
 F = Vault count percentage of total count
                 A         B        C        D         E       F
            +---------+---------+-------+---------+---------+-------
      Total |     113 |       3 |   2.6 |      19 |       2 |   9.5
            +---------+---------+-------+---------+---------+-------
        D:1 |       6 |       0 |   0.0 |       3 |       0 |   0.0
        D:2 |       4 |       3 |  42.9 |       3 |       2 |  40.0
        D:3 |      18 |       0 |   0.0 |       8 |       0 |   0.0
        D:4 |      85 |       0 |   0.0 |       5 |       0 |   0.0
            +---------+---------+-------+---------+---------+-------
